 Dungeon Crawl Stone Soup version 0.17-a0-1534-gf98da79 (webtiles) character file.

44 namelastname112 the Firebug (level 3, 0/29 HPs)
             Began as a Draconian Fire Elementalist on July 17, 2015.
             Slain by Terence
             ... wielding a +5 hand axe of chopping
              (8 damage)
             ... on level 2 of the Dungeon.
             The game lasted 00:01:39 (1021 turns).

namelastname112 the Firebug (DrFE)                  Turns: 1021, Time: 00:01:40

Health: 0/29       AC:  5    Str: 10    XL:     3   Next: 39%
Magic:  1/7        EV: 12    Int: 16    God:
Gold:   32         SH:  0    Dex: 11    Spells: 1 memorised, 6 levels left

rFire  . . .     SeeInvis .     c - +0 dagger
rCold  . . .     Clarity  .     (armour unavailable)
rNeg   . . .     SustAt   .     (no shield)
rPois  .         Gourm    .     (helmet restricted)
rElec  .         Spirit   .     (no cloak)
rCorr  .         Warding  .     (no gloves)
rMut   .         Stasis   .     (no boots)
MR     .....                    (no amulet)
Stlth  ++........               (no ring)
                                (no ring)

@: not resistant to hostile enchantments, unstealthy
A: unfitting armour, cold-blooded, AC +5
a: no special abilities


You were on level 2 of the Dungeon.
You were not hungry.

You visited 1 branch of the dungeon, and saw 2 of its levels.

You collected 32 gold pieces.

Inventory:

Hand weapons
 c - a +0 dagger (weapon)
Scrolls
 d - 3 scrolls of identify {unknown}
 f - a scroll of enchant armour {unknown}
 h - 2 scrolls of noise {unknown}
Potions
 e - a potion of invisibility {unknown}
 g - 2 potions of ambrosia {unknown}
 i - a potion of curing {unknown}
 j - a potion of mutation {unknown}
Books
 a - a book of Flames

   Spells                             Type                      Level
   a - Flame Tongue                   Conjuration/Fire             1
   b - Throw Flame                    Conjuration/Fire             2
   c - Conjure Flame                  Conjuration/Fire             3
   d - Inner Flame                    Hexes/Fire                   3
   e - Sticky Flame                   Conjuration/Fire             4
   f - Fireball                       Conjuration/Fire             5
Comestibles
 b - 2 bread rations


   Skills:
 + Level 1.6 Fighting
 + Level 2.1 Dodging
 - Level 1.7 Stealth
 * Level 2.9 Spellcasting
 - Level 1.0 Conjurations
 - Level 3.0 Fire Magic


You had 6 spell levels left.
You knew the following spells:

 Your Spells              Type           Power        Failure   Level  Hunger
z - Flame Tongue          Conj/Fire      #....        10%         1    #......


Dungeon Overview and Level Annotations

Branches:
Dungeon (2/15)

Altars:

Annotations:
D:2 Terence


Innate Abilities, Weirdness & Mutations

Your plain brown scales are hard (AC +5).
Your body does not fit into most forms of armour.
You are cold-blooded and may be slowed by cold attacks.


Message History

The flame tongue misses Terence.
Terence hits you with a hand axe of chopping!
Casting: Flame Tongue
Confirm with . or Enter, or press ? or * to list all spells.
Aiming: Flame Tongue
Press: ? - help, Shift-Dir - straight line, f/p - Terence
Aim: Terence, wielding a hand axe of chopping, wearing a scale mail and carrying a wand of magic darts {zapped: 1} (heavily wounded)
The flame tongue hits Terence.
Terence is almost dead.
Terence hits you with a hand axe of chopping.
* * * LOW HITPOINT WARNING * * *
Casting: Flame Tongue
Confirm with . or Enter, or press ? or * to list all spells.
Aiming: Flame Tongue
Press: ? - help, Shift-Dir - straight line, f/p - Terence
Aim: Terence, wielding a hand axe of chopping, wearing a scale mail and carrying a wand of magic darts {zapped: 1} (almost dead)
The flame tongue hits Terence.
Terence appears unharmed.
Terence is almost dead.
Terence hits you with a hand axe of chopping!
You die...

#.#.).†..# ###.### #.########
#.....# #.# #.#.#.# ######.#
#.#.#.# #......########
#.#...# #.#######.....#
#.##..# #.# #.....# #.##..#
##.##### #.....###.....#
#.#....# #...@@...###.###
##.###.##......##.# #...# ###
#.##.#..#.##.# #.#.#
#.##.#....##.# #...#
#.##.#.##.##.# ##.##
##.##.#.##.##.## #.#
##...#..........# #.#
##...............###.#####
#..........#.....#.......####


You could see Terence.

Vanquished Creatures
  An adder (D:1)
  2 oozes (D:1)
  3 bats (D:1)
  A giant cockroach (D:2)
  3 goblins (D:1)
  4 hobgoblins
  3 giant newts
  3 kobolds (D:1)
  7 rats
27 creatures vanquished.

Notes
Turn   | Place    | Note
--------------------------------------------------------------
     0 | D:1      | namelastname112 the Draconian Fire Elementalist began the quest for the Orb.
     0 | D:1      | Reached XP level 1. HP: 14/14 MP: 3/3
   250 | D:1      | Reached XP level 2. HP: 13/22 MP: 1/5
   323 | D:1      | Reached skill level 1 in Fighting
   745 | D:1      | Reached XP level 3. HP: 25/28 MP: 0/6
   911 | D:2      | Found a faded altar to an unknown god.
  1011 | D:2      | Noticed Terence
  1021 | D:2      | Slain by Terence

Vault maps used:
D:1:      erik_arrival_gehennom, minivault_23, hangedman_decor_clover_reticule
D:2:      ecumenical_altar_2, first_bread, uniq_jessica, uniq_terence

Action                   || total
-------------------------++-------
Melee: Dagger            ||    51
       Unarmed           ||     8
 Cast: Flame Tongue      ||    34
 Stab: Sleeping          ||     1
  Eat: Chunk             ||     1
